 Dungeon Crawl Stone Soup version 0.18-a0-1560-ge216ca8 (webtiles) character file.

792145 Gorice the Demonic Blade (level 27, -10/291 HPs)
             Began as a Demonspawn Gladiator on Mar 7, 2016.
             Was the Champion of Okawaru.
             Mangled by an Executioner (14 damage)
             ... summoned by Gloorx Vloq
             ... in Pandemonium on Mar 12, 2016.
             The game lasted 10:23:47 (88525 turns).

Gorice the Demonic Blade (Demonspawn Gladiator)    Turns: 88525, Time: 10:23:47

Health: -10/291    AC: 37    Str: 26    XL:     27
Magic:  0/45       EV: 24    Int: 17    God:    Okawaru [******]
Gold:   2394       SH:  0    Dex: 15    Spells: 10 memorised, 15 levels left

rFire  + + +     SeeInvis +     a - +9 triple sword of Domination {freeze, +Blink rF++ Str-2 Stlth+}
rCold  + + .     Gourm    .     d - quicksilver dragon armour "Reeprod" {rN+ MR+}
rNeg   + . .     Faith    .     (shield currently unavailable)
rPois  +         Spirit   +     (helmet unavailable)
rElec  .         Dismiss  .     y - +3 cloak of Infinity {rF+ rC+}
rCorr  .         Reflect  .     F - +2 pair of gloves {Str+3}
SustAt .         Harm     .     o - +2 pair of boots {run}
MR     +++..                    E - amulet of guardian spirit
Stlth  ++++......               K - ring of see invisible
                                N - ring "Ankeunle" {rPois rC+ MP+9 Stlth+}

@: mighty, lethally poisoned (-10 -> -11), heroism, weakened, very slightly
contaminated, hasted and slowed, drained, quick, extremely resistant to hostile
enchantments, stealthy
A: horns 3, molten scales 3, fire resistance 1, ignite blood, powered by death
3, robust 3, flame cloud immunity
a: Heroism, Finesse, Renounce Religion, Evoke Blink
}: 6/15 runes: decaying, serpentine, slimy, silver, abyssal, demonic


You were in Pandemonium.
You worshipped Okawaru.
Okawaru was exalted by your worship.
You were not hungry.

You visited 12 branches of the dungeon, and saw 60 of its levels.
You visited Pandemonium 2 times, and saw 10 of its levels.
You visited the Abyss 3 times.
You visited 1 bazaar.
You also visited: Trove, Bailey, Ice Cave and Volcano.

You collected 11032 gold pieces.
You spent 8638 gold pieces at shops.

Inventory:

Hand Weapons
 a - the +9 triple sword of Domination (weapon) {freeze, +Blink rF++ Str-2 Stlth+}
   (Okawaru gifted it to you on level 2 of the Depths)

   It has been specially enchanted to freeze those struck by it, causing extra
   injury to most foes and up to half again as much damage against particularly
   susceptible opponents.
   It can also slow down cold-blooded creatures.
   It affects your strength (-2).
   It greatly protects you from fire.
   It lets you blink.
   It makes you more stealthy.
Missiles
 X - 26 javelins of penetration (quivered)
 Y - 4 throwing nets
Armour
 d - the quicksilver dragon armour "Reeprod" (worn) {rN+ MR+}
   (You bought it in a shop on level 2 of the Depths)

   It protects you from negative energy.
   It affects your resistance to hostile enchantments.
 m - the +9 plate armour "Fyodesoi" {Dex+6}
   (Okawaru gifted it to you in Pandemonium)

   It affects your dexterity (+6).
 o - a +2 pair of boots of running (worn)
   (You bought it in a shop in a bazaar)
 y - the +3 cloak of Infinity (worn) {rF+ rC+}
   (You bought it in a shop in a bazaar)

   It protects you from fire.
   It protects you from cold.
 F - a +2 pair of gloves of strength (worn)
   (You found it on level 6 of the Pits of Slime)
Magical Staves
 W - an uncursed staff of wizardry
Rods
 p - a +2 rod of shadows (11/11) {!a}
   (You took it off a deep elf knight on level 3 of the Elven Halls)
 z - a +2 rod of clouds (13/13) {!a}
   (You found it on level 2 of the Vaults)
 B - a +2 rod of shadows (13/13) {!a}
   (You found it in Pandemonium)
 I - a +1 rod of inaccuracy (12/12) {!a}
   (You found it on level 8 of the Dungeon)
 V - a +2 iron rod (14/14) {!a}
   (You found it on level 8 of the Lair of Beasts)
Jewellery
 f - the ring of the Four Souls {+Fly rPois rF- MR+}
   (You found it in Pandemonium)

   [ring of poison resistance]

   It makes you vulnerable to fire.
   It protects you from poison.
   It affects your resistance to hostile enchantments.
   It lets you fly.
 i - the ring "Eheif" {rCorr rElec Str+4}
   (You took it off a rakshasa on level 3 of the Depths)

   [ring of resist corrosion]

   It affects your strength (+4).
   It insulates you from electricity.
 q - the ring of Taofif {MR+ Int+2}
   (You found it on level 1 of the Vaults)

   [ring of intelligence]

   It affects your intelligence (+2).
   It affects your resistance to hostile enchantments.
 v - an uncursed ring of positive energy
 D - an uncursed ring of protection from magic
 E - an amulet of guardian spirit (around neck)
 K - a ring of see invisible (right hand)
 N - the ring "Ankeunle" (left hand) {rPois rC+ MP+9 Stlth+}
   (You took it off a deep elf demonologist on level 3 of the Elven Halls)

   [ring of poison resistance]

   It protects you from cold.
   It protects you from poison.
   It affects your magic capacity (+9).
   It makes you more stealthy.
Wands
 e - a wand of hasting (6/9) {!d}
 G - a wand of acid (11/15)
 M - a wand of disintegration (4/24)
 P - a wand of heal wounds (6/9) {!d}
 R - a wand of digging (16/24)
Scrolls
 k - 3 scrolls of summoning {!r}
 l - 2 scrolls of blinking
 s - 25 scrolls of identify
 t - 22 scrolls of remove curse
 C - a scroll of enchant weapon
 H - 11 scrolls of teleportation {!r}
 J - 12 scrolls of fog
 O - 7 scrolls of magic mapping {!r}
Potions
 c - 8 potions of haste {!q}
 h - 34 potions of curing
 n - 3 potions of cancellation {!q}
 u - 2 potions of cure mutation {!q}
 w - 6 potions of heal wounds {!q}
 x - 8 potions of might {!q}
 A - 4 potions of resistance {!q}
Books
 b - the Collected Works on Flying Beguiling
   (You found it in Pandemonium)

   Spells                             Type                      Level
   a - Slow                           Hexes                        2
   b - Mephitic Cloud                 Conjuration/Poison/Air       3
   c - Confuse                        Hexes                        3
   d - Tukima's Dance                 Hexes                        3
   e - Deflect Missiles               Charms/Air                   6
Miscellaneous
 L - a box of beasts
 T - a fan of gales
Comestibles
 g - a beef jerky
 r - 27 meat rations {!e}
 Q - 64 fruits


   Skills:
 + Level 20.2(25.0) Fighting
 - Level 24.0(26.8) Long Blades
 - Level 1.2(6.1) Maces & Flails
 - Level 10.3(15.1) Throwing
 - Level 21.0(25.8) Armour
 - Level 16.0(20.8) Dodging
 - Level 9.0(8.9) Spellcasting
 - Level 8.0(7.9) Charms
 - Level 9.0(8.8) Summonings
 * Level 17.3(17.1) Necromancy
 - Level 9.0(8.8) Translocations
 * Level 14.7(14.5) Transmutations
 - Level 8.2(8.0) Air Magic
 - Level 8.0(7.8) Invocations
 - Level 10.0(9.8) Evocations


You had 15 spell levels left.
You knew the following spells:

 Your Spells              Type           Power        Failure   Level  Hunger
d - Dispel Undead         Necr           ######..     1%          5    #####..
p - Portal Projectile     Tloc           #####.       1%          3    None
w - Passwall              Trmt/Erth      ####......   1%          2    None
A - Apportation           Tloc           #####.....   1%          1    None
B - Summon Butterflies    Summ           #####...     1%          1    None
J - Blink                 Tloc           N/A          1%          2    None
M - Repel Missiles        Chrm/Air       ####..       1%          2    None
N - Necromutation         Trmt/Necr      ######....   92%         8    #######
R - Regeneration          Chrm/Necr      ######....   1%          3    None
S - Swiftness             Chrm/Air       ####....     1%          2    None


Dungeon Overview and Level Annotations

Branches:
Dungeon (15/15)            Temple (1/1) D:5            Lair (8/8) D:9
  Swamp (4/4) Lair:3        Snake (4/4) Lair:4        Slime (6/6) Lair:7
    Orc (2/2) D:9             Elf (3/3) Orc:2        Vaults (5/5) D:13
  Crypt (3/3) Vaults:3       Tomb (0/3) Crypt:3      Depths (5/5) D:15
    Zot (4/5) Depths:5

Altars:
Ashenzari
Cheibriados
Dithmenos
Elyvilon
Fedhas
Gozag
Kikubaaqudgha
Makhleb
Nemelex Xobeh
Okawaru
Pakellas
Qazlal
Ru
Sif Muna
Trog
Vehumet
Xom
Yredelemnul
Zin
The Shining One
Jiyva

Shops:
D:7 *:*[   D:10 [   D:13 ?   Orc:2 }*=?   Elf:1 [   Elf:2 **[=:   Snake:3 %
Snake:4 !   Vaults:2 *   Vaults:5 [   Depths:2 *[}=   Depths:4 }   Depths:5 (

Portals:
Hell: Depths:1 Depths:2 Depths:3 Depths:4 Depths:5
Abyss: Depths:1 Depths:4
Pandemonium: Depths:2 Depths:3 Depths:4
Ziggurat: Depths:3

Annotations:
Pan Gloorx Vloq


Innate Abilities, Weirdness & Mutations

You have a pair of large horns on your head.
You are completely covered in molten scales (AC +4, EV -1, rF+).
Your flesh is heat resistant.
Your demonic aura causes spilled blood to erupt in flames.
You regenerate a lot of health from kills.
You are extremely robust (+30% HP).
You are immune to clouds of flame.


Message History

The Executioner misses you.
Damage: 2 (max 106) Unknown command.
Drink which item? (? for menu, Esc to quit)
Really quaff
w - 7 potions of heal wounds {!q}?
You feel much better.
You are engulfed in dark miasma.
You feel your flesh rotting away!
You feel ill.
* * * LOW HITPOINT WARNING * * *
You feel less regenerative.
You feel sick. The Executioner misses you. x2
The Executioner closely misses you.
Gloorx Vloq is engulfed in roaring flames.
Gloorx Vloq gestures at you. The poison arrow hits you!
You are more poisoned.
You partially resist.
* * * LOW HITPOINT WARNING * * *
The Executioner hits you.
* * * LOW HITPOINT WARNING * * *
The Executioner hits you but does no damage. x2
The Executioner gestures.
The Executioner seems to speed up.
Gloorx Vloq is engulfed in roaring flames.
Gloorx Vloq hits you!
* * * LOW HITPOINT WARNING * * *
You partially resist.
You feel drained.
The Executioner hits you but does no damage.
The Executioner completely misses you. x2
Damage: 9 (max 106) Unknown command.
Unknown command.
Unknown command.
Unknown command.
Unknown command.
Drink which item? (? for menu, Esc to quit)
You feel better. The Executioner misses you.
The Executioner completely misses you.
The Executioner hits you but does no damage.
Gloorx Vloq hits you but does no damage.
The Executioner hits you!
* * * LOW HITPOINT WARNING * * *
The Executioner completely misses you. The Executioner closely misses you.
Gloorx Vloq gestures at you. The poison arrow hits you!
You are poisoned.
You partially resist.
* * * LOW HITPOINT WARNING * * *
The Executioner hits you!
You die...

............#.........##.#.
............'..#......##...
............#.........###..
........######.#......# #..
............#.........####'
.#########..#..#......#....
#..#.........#....
#.######.....#.... #@.#
...........). #11&1.#
.#........... #..s#..#
..........##+ .....#####
.#......#.# .....
........#.# ####
.#......#.# ........#.#
###.....#.#


You could see Gloorx Vloq, 3 Executioners and a demonic crawler.

Vanquished Creatures
  the Royal Jelly (Slime:6)
  An orb of fire (Zot:3)
  Mennas (Crypt:2)
  2 ancient liches
  Mara (Snake:4)
  A juggernaut (Depths:2)
  Sojobo (Crypt:1)
  Vashnia (Snake:4)
  An iron giant (Depths:4)
  5 pandemonium lords (Pan)
  A curse toe (Zot:4)
  A caustic shrike (Depths:4)
  12 golden dragons
  Nikola (Swamp:2)
  Jory (Crypt:2)
  4 bone dragons
  2 Brimstone Fiends (Pan)
  An electric golem (Zot:2)
  Jorgrun (Snake:3)
  3 Ice Fiends
  A Hell Sentinel (Pan)
  Rupert (D:13)
  2 deep elf blademasters (Elf:3)
  2 deep elf master archers (Elf:3)
  10 tentacled monstrosities
  10 titans
  A quicksilver dragon (Vaults:4)
  3 Shadow Fiends (Pan)
  17 acid blobs
  9 liches
  3 death cobs
  7 sphinxes
  11 Executioners (Pan)
  A tentacled starspawn (Abyss:3)
  9 ancient champions
  16 tengu reavers
  11 storm dragons
  9 shadow dragons
  13 greater nagas
  8 azure jellies
  5 draconian monks
  11 fire giants
  Aizul (Snake:3)
  4 iron dragons
  8 frost giants
  5 revenants
  Wiglaf (Snake:2)
  2 draconian knights (Zot:1)
  3 balrugs (Pan)
  Maud (D:13)
  6 deep elf sorcerers
  6 draconian scorchers
  6 cacodemons (Pan)
  The ghost of slayr the Destroyer, a journeyman DEFE of Vehumet (D:13)
  3 warmongers (Pan)
  Louise (Elf:3)
  3 spriggan defenders (Depths:3)
  8 vault wardens
  3 draconian zealots
  6 draconian annihilators
  3 deep elf elementalists
  A juggernaut zombie (Crypt:1)
  4 draconian shifters
  4 curse skulls
  7 reapers
  2 war gargoyles (Vaults:5)
  7 ghouls
  10 ironheart preservers
  7 draconian callers
  5 black draconians
  21 stone giants
  2 blood saints (Pan)
  8 green draconians
  The ghost of bl4d3 the Fighter, a journeyman GrFi of the Shining One (Snake:1)
  6 chaos champions (Pan)
  10 vampire knights
  4 salamander stormcallers
  10 deep elf demonologists
  16 purple draconians
  11 very ugly things
  7 lorocyprocas
  Nessos (D:14)
  2 corrupters (Pan)
  5 white draconians
  Azrael (Snake:1)
  12 mottled draconians
  4 spark wasps (Depths:3)
  9 yellow draconians
  6 deep elf annihilators
  10 red draconians
  18 ettins
  10 deep elf death magi
  A merfolk impaler (Depths:1)
  11 blizzard demons (Pan)
  3 black suns (Pan)
  4 eidola
  4 green deaths
  Erolcha (D:9)
  33 vault guards
  Snorg (Lair:8)
  5 death oozes (Slime:6)
  A mummy priest (Crypt:3)
  Josephine (D:14)
  14 fire dragons
  3 deep elf high priests
  A great orb of eyes (shapeshifter) (Depths:3)
  19 yaktaur captains
  An entropy weaver (shapeshifter) (Vaults:3)
  7 jiangshi
  16 great orbs of eyes
  Fannar (Orc:1)
  5 entropy weavers
  20 hydras
  9 rakshasas
  2 monstrous demonspawn (Pan)
  5 spriggan air magi
  12 ice dragons
  Harold (D:9)
  13 centaur warriors
  8 naga warriors
  12 anacondas
  4 hell beasts (Pan)
  2 catoblepae
  7 alligators
  3 ghost crabs (Swamp:4)
  21 ogre magi
  26 dancing weapons
  8 death knights
  24 deep troll shamans
  A queen ant (Lair:5)
  An iron giant skeleton (Depths:3)
  14 tengu warriors
  3 vampire magi
  10 death yaks
  8 spriggan berserkers
  6 shock serpents
  10 deep troll earth magi
  2 orc high priests
  2 thrashing horrors (Abyss:5)
  24 deep elf knights
  26 naga sharpshooters
  18 sun demons (Pan)
  2 hell hogs (Pan)
  8 soul eaters
  A fire crab (shapeshifter) (Vaults:1)
  8 spriggans
  An anaconda zombie (Crypt:2)
  34 skeletal warriors
  2 wretched stars (Abyss:3)
  6 fire crabs
  2 salamander mystics
  6 shadow wraiths
  9 iron trolls
  42 deep trolls
  2 wizards
  A hell knight (Depths:5)
  A spriggan druid (Swamp:4)
  A quicksilver dragon simulacrum (Abyss:1)
  8 swamp dragons
  A death drake (shapeshifter) (Vaults:4)
  A sea snake (shapeshifter) (D:15)
  7 unseen horrors
  4 infernal demonspawn (Pan)
  A deep troll (shapeshifter) (D:13)
  4 giant orange brains
  A golden dragon zombie (Vaults:5)
  11 naga ritualists
  3 shambling mangroves
  2 shadow demons (Pan)
  5 flayed ghosts
  4 torturous demonspawn (Pan)
  6 hill giants
  An obsidian statue (Vaults:3)
  18 phantasmal warriors
  3 putrid demonspawn (Pan)
  14 harpies
  A giant orange brain (shapeshifter) (Vaults:5)
  16 orc knights
  3 shadow dragon zombies
  A golden dragon skeleton (Pan)
  18 deep elf archers
  17 ironbrand convokers
  An anaconda skeleton (Pan)
  6 necromancers
  An iron dragon zombie (Crypt:2)
  67 ugly things
  A stone giant zombie (Vaults:3)
  5 orc sorcerers
  73 deep elf magi
  14 mana vipers
  4 hornets
  3 wolf spiders
  8 cyclopes
  2 hornets (shapeshifter)
  7 griffons
  An iron dragon skeleton (Crypt:2)
  9 sixfirhies
  A cyclops (shapeshifter) (Vaults:5)
  A shining eye (shapeshifter) (Vaults:1)
  17 moths of wrath
  7 shining eyes
  15 vault sentinels
  4 manticores
  Joseph (D:8)
  12 salamanders
  A fire giant skeleton (Depths:3)
  44 black mambas
  2 sirens (D:14)
  21 elephants
  2 centaur zombies
  A frost giant zombie (Abyss:1)
  A titan simulacrum (Vaults:5)
  An elf zombie (Vaults:5)
  4 guardian serpents
  A shock serpent zombie (Crypt:3)
  A water nymph (shapeshifter) (Depths:3)
  4 ice statues
  5 orange demons
  17 smoke demons
  A torpor snail (Lair:5)
  A yaktaur zombie (Vaults:4)
  3 gargoyles
  27 naga magi
  The ghost of Gorice the Slasher, a novice DsGl of Okawaru (D:5)
  23 spiny frogs
  A yaktaur (shapeshifter) (Vaults:2)
  6 kobold demonologists
  A dire elephant skeleton (Crypt:2)
  2 rime drakes
  16 freezing wraiths
  2 efreet
  61 yaktaurs
  A black draconian skeleton (Crypt:1)
  A spark wasp simulacrum (Depths:3)
  16 komodo dragons
  5 demonic crawlers (Pan)
  2 elf skeletons (Vaults:5)
  16 ice devils
  A grey draconian skeleton (Crypt:2)
  6 trolls
  A mottled draconian skeleton (Crypt:1)
  A tormentor (Pan)
  6 tengu conjurers
  4 ancient zymes
  A catoblepas skeleton (Pan)
  8 hellwings
  A queen bee (shapeshifter) (Vaults:2)
  3 red devils (Pan)
  8 guardian mummies (Crypt:3)
  3 jumping spiders
  31 two-headed ogres
  3 giant leeches
  2 polar bears
  A tengu simulacrum (Vaults:4)
  A minotaur skeleton (Crypt:1)
  A blink frog (shapeshifter) (D:13)
  15 blink frogs
  A hydra skeleton (Pan)
  5 raiju
  69 slime creatures
  5 boulder beetles
  An iron dragon simulacrum (Crypt:3)
  4 bog bodies
  3 raiju (shapeshifter)
  A stone giant simulacrum (Vaults:3)
  4 shadows
  7 air elementals
  An ettin skeleton (Pan)
  An ice dragon skeleton (Crypt:2)
  14 ynoxinuls
  4 tarantellas
  A griffon skeleton (Crypt:3)
  A human (shapeshifter) (Vaults:1)
  6 wyverns
  9 redbacks
  A wyvern (shapeshifter) (Elf:2)
  68 yaks
  4 vampires (Crypt:3)
  11 wraiths
  The ghost of Uhlv the Skirmisher, an amateur HOFi of the Shining One (D:3)
  14 water elementals
  7 fire bats
  10 fire elementals
  2 golden eyes (shapeshifter)
  18 large abominations
  A steam dragon (Swamp:4)
  9 golden eyes
  4 basilisks
  A basilisk (shapeshifter) (Depths:1)
  27 vampire mosquitoes
  10 hippogriffs
  20 chaos spawn
  4 neqoxecs
  The ghost of Gorice the Slasher, an amateur DsGl (D:4)
  14 swamp worms
  A yaktaur simulacrum (Vaults:3)
  A spatial vortex (Abyss:3)
  6 mottled dragons
  44 nagas
  39 wolves
  4 wargs
  7 soldier ants
  2 merfolk zombies (Crypt:3)
  A harpy simulacrum (D:14)
  9 insubstantial wisps
  4 hell hounds
  13 water moccasins
  A hydra simulacrum (D:14)
  A soldier ant (shapeshifter) (Vaults:2)
  A porcupine (shapeshifter) (Vaults:4)
  A torturous demonspawn skeleton (Crypt:1)
  23 orc warriors
  16 porcupines
  3 sky beasts
  7 swamp drakes
  7 ice beasts
  An infernal demonspawn skeleton (Crypt:2)
  A black bear (shapeshifter) (Vaults:2)
  6 eyes of draining
  A manticore zombie (Crypt:2)
  6 black bears
  7 necrophages
  A snapping turtle zombie (Crypt:3)
  2 phantoms
  13 wasps
  7 boggarts
  A snapping turtle skeleton (Pan)
  A manticore skeleton (Crypt:3)
  71 ogres
  A torpor snail zombie (Crypt:3)
  28 centaurs
  An anubis guard skeleton (Crypt:3)
  19 crocodiles
  4 big kobolds
  3 human zombies
  3 wyvern zombies
  27 giant frogs
  An ogre simulacrum (Vaults:1)
  A salamander skeleton (Crypt:3)
  4 earth elementals
  A water moccasin zombie (Crypt:1)
  2 scorpions
  2 wyvern skeletons
  14 small abominations
  4 killer bees (D:14)
  10 wights
  3 howler monkeys
  A raiju skeleton (Crypt:2)
  8 electric eels
  2 giant frog zombies
  12 crimson imps
  18 starcursed masses
  4 quasits
  A soldier ant zombie (Crypt:3)
  3 giant frog skeletons
  5 centaur skeletons
  9 hounds
  20 orc priests
  4 human simulacra
  A basilisk zombie (Crypt:1)
  An iron imp (Abyss:3)
  11 jellies
  24 orc wizards
  10 iguanas
  32 worker ants
  21 sheep
  An ogre zombie (Crypt:3)
  A hound zombie (D:10)
  A hound skeleton (Crypt:3)
  A mummy (Crypt:3)
  5 gnolls
  2 howler monkey skeletons
  18 adders
  43 river rats
  3 shadow imps
  7 white imps
  2 giant eyeballs (Depths:3)
  9 ufetubi (IceCv)
  An adder skeleton (D:9)
  An adder zombie (D:7)
  2 worms
  3 dart slugs
  7 giant geckos
  91 orcs
  4 ball pythons (Lair:4)
  3 bats
  4 giant cockroaches
  16 goblins
  15 hobgoblins
  3 jackals (D:3)
  32 kobolds
  6 quokkas
  A dart slug zombie (Crypt:2)
  A giant newt (D:1)
  A hobgoblin skeleton (Crypt:2)
  A jackal zombie (D:8)
  20 rats
  A lost soul (Crypt:1)
3146 creatures vanquished.

Vanquished Creatures (others)
  Kirke (Swamp:4)
  An eldritch tentacle (Crypt:3)
  A draconian knight (Zot:1)
  2 draconian scorchers
  A draconian zealot (Depths:5)
  An ironheart preserver (Vaults:1)
  A war gargoyle (Vaults:1)
  A purple draconian (Zot:2)
  A hydra (Swamp:4)
  2 dancing weapons (Elf:2)
  A swamp dragon (Swamp:4)
  A fire crab (Vaults:1)
  A wolf spider (D:14)
  A tengu skeleton (Vaults:5)
  A black mamba (Snake:1)
  A rust devil (Depths:3)
  A two-headed ogre (Vaults:5)
  A giant leech (Swamp:2)
  3 slime creatures (Swamp:2)
  A ynoxinul (Pan)
  5 humans (Swamp:4)
  A steam dragon (Swamp:4)
  A mottled dragon (Swamp:4)
  A naga (Snake:4)
  3 swamp drakes (Swamp:4)
  A boggart (D:14)
  3 ogres
  An orc wizard (Orc:1)
  2 white imps (IceCv)
  An ufetubus (IceCv)
  A bush (D:9)
  92 eldritch tentacle segments (Crypt:3)
  17 fungi
  2 lost souls
  11 plants
  2 starspawn tentacles (Abyss:3)
  14 starspawn tentacle segments (Abyss:3)
182 creatures vanquished.

Grand Total: 3328 creatures vanquished

Notes
Turn   | Place    | Note
--------------------------------------------------------------
     0 | D:1      | Gorice the Demonspawn Gladiator began the quest for the Orb.
     0 | D:1      | Reached XP level 1. HP: 16/16 MP: 1/1
    20 | D:1      | Reached skill level 3 in Long Blades
    60 | D:1      | Gained mutation: You regenerate a little health from kills. [demonic ancestry]
    60 | D:1      | Reached XP level 2. HP: 11/22 MP: 2/2
   741 | D:2      | Gained mutation: You have a pair of small horns on your head. [demonic ancestry]
   741 | D:2      | Reached XP level 3. HP: 23/27 MP: 3/3
   809 | D:2      | Reached skill level 4 in Long Blades
  1373 | D:3      | Noticed Uhlv's ghost (amateur HOFi)
  1424 | D:3      | Reached XP level 4. HP: 31/33 MP: 4/4
  1487 | D:3      | Found a shadowy altar of Dithmenos.
  1667 | D:3      | Found a snail-covered altar of Cheibriados.
  1674 | D:3      | Reached skill level 1 in Armour
  1811 | D:2      | Reached skill level 3 in Dodging
  1860 | D:3      | Gained mutation: You are partially covered in molten scales (AC +1). [demonic ancestry]
  1860 | D:3      | Reached XP level 5. HP: 38/38 MP: 5/5
  1988 | D:3      | Killed Uhlv's ghost
  1988 | D:3      | Reached skill level 5 in Long Blades
  1988 | D:3      | Reached skill level 2 in Armour
  1988 | D:3      | Gained mutation: You are mostly covered in molten scales (AC +3, EV -1). [demonic ancestry]
  1988 | D:3      | Reached XP level 6. HP: 22/44 MP: 6/6
  2617 | D:4      | Noticed Gorice's ghost (amateur DsGl)
  2844 | D:4      | Reached skill level 6 in Long Blades
  2874 | D:4      | Killed Gorice's ghost
  2874 | D:4      | Reached XP level 7. HP: 25/50 MP: 7/7
  3076 | D:4      | Reached skill level 3 in Armour
  3076 | D:4      | Reached skill level 4 in Dodging
  3203 | D:5      | Entered Level 5 of the Dungeon
  3240 | D:5      | Found a staircase to the Ecumenical Temple.
  3249 | Temple   | Entered the Ecumenical Temple
  3287 | Temple   | Became a worshipper of Warmaster Okawaru
  3503 | D:5      | Noticed Gorice's ghost (novice DsGl)
  3518 | D:5      | Killed Gorice's ghost
  3518 | D:5      | Reached * piety under Okawaru
  3518 | D:5      | Reached skill level 7 in Long Blades
  3518 | D:5      | Reached XP level 8. HP: 38/56 MP: 8/8
  3814 | D:6      | Reached skill level 4 in Armour
  3828 | D:6      | Reached skill level 5 in Dodging
  3842 | D:6      | Reached skill level 8 in Long Blades
  3956 | D:6      | Reached ** piety under Okawaru
  4389 | D:7      | Found a blossoming altar of Fedhas.
  4397 | D:7      | Found a shimmering altar of Xom.
  4398 | D:7      | Found a radiant altar of Vehumet.
  4398 | D:7      | Found a bloodstained altar of Trog.
  4416 | D:7      | Found a white marble altar of Elyvilon.
  4416 | D:7      | Found a glowing silver altar of Zin.
  4418 | D:7      | Found a sacrificial altar of Ru.
  4496 | D:7      | Found Veunacio's Armour Shop.
  4501 | D:7      | Found Togh's General Store.
  4576 | D:7      | Found an oddly glowing altar of Pakellas.
  4741 | D:7      | Got a translucent ivory ring
  4815 | D:7      | Gained mutation: You have a pair of horns on your head. [demonic ancestry]
  4815 | D:7      | Reached XP level 9. HP: 61/61 MP: 9/9
  4870 | D:7      | Found Ceinwes's Book Shoppe.
  5027 | D:7      | Reached skill level 5 in Armour
  5150 | D:7      | Found Wokhak's General Store.
  5275 | D:8      | Reached skill level 9 in Long Blades
  5282 | D:8      | Reached skill level 6 in Dodging
  5353 | D:8      | Reached *** piety under Okawaru
  5355 | D:8      | Identified a +1 rod of inaccuracy (12/12) (You found it on level 8 of the Dungeon)
  5393 | D:8      | Noticed Joseph
  5414 | D:8      | HP: 17/61 [Joseph/uncursed quarterstaff (15)]
  5421 | D:8      | Killed Joseph
  5766 | D:8      | Found a basalt altar of Yredelemnul.
  6080 | D:8      | Identified the cursed ring "Wozoaq" {+Blink Dex-5} (You found it on level 7 of the Dungeon)
  6566 | D:9      | Upgraded the game from 0.18-a0-1523-gbe15c29 to 0.18-a0-1526-gcb34c7c
  6796 | D:9      | Reached skill level 10 in Long Blades
  7006 | D:9      | Found a sparkling altar of Nemelex Xobeh.
  7052 | D:9      | Reached **** piety under Okawaru
  7052 | D:9      | Reached skill level 6 in Armour
  7139 | D:9      | Reached XP level 10. HP: 37/67 MP: 10/10
  7235 | D:9      | Reached skill level 7 in Dodging
  7252 | D:9      | Noticed Erolcha
  7288 | D:9      | Received a gift from Okawaru
  7316 | D:9      | HP: 15/67 [yak (13)]
  7330 | D:9      | Found a staircase to the Lair.
  7335 | D:9      | HP: 19/67 [hippogriff (3)]
  7643 | D:9      | Reached skill level 11 in Long Blades
  7678 | D:9      | Reached ***** piety under Okawaru
  7738 | D:9      | Reached skill level 7 in Armour
  7776 | D:9      | Killed Erolcha
  7776 | D:9      | Received a gift from Okawaru
  7776 | D:9      | Reached skill level 8 in Dodging
  7838 | D:9      | HP: 20/67 [yak (9)]
  7848 | D:9      | HP: 19/67 [yak (4)]
  7853 | D:9      | Gained mutation: Your flesh is heat resistant. [demonic ancestry]
  7853 | D:9      | Reached XP level 11. HP: 17/72 MP: 2/11
  7855 | D:9      | HP: 20/72 [yak (4)]
  8058 | D:9      | Received a gift from Okawaru
  8105 | D:9      | Found a staircase to the Orcish Mines.
  8325 | D:9      | Found a blossoming altar of Fedhas.
  8385 | Lair:1   | Entered Level 1 of the Lair of Beasts
  8704 | Lair:1   | HP: 19/72 [electric eel/bolt of electricity (10)]
  8963 | Lair:1   | Noticed an eight-headed hydra
  8975 | Lair:1   | HP: 14/72 [eight-headed hydra (10)]
  8975 | Lair:1   | HP: 5/72 [eight-headed hydra (3)]
  9329 | Orc:1    | Entered Level 1 of the Orcish Mines
  9329 | Orc:1    | Noticed Harold
  9443 | Orc:1    | Noticed Fannar
  9470 | D:9      | Killed Harold
  9470 | D:9      | Reached skill level 12 in Long Blades
  9773 | D:10     | Entered Level 10 of the Dungeon
  9810 | D:10     | Found Xaheiff's Armour Emporium.
  9934 | D:10     | Reached skill level 8 in Armour
  9991 | D:10     | Noticed Maurice
  9998 | D:10     | Noticed Maurice
  9998 | D:10     | Maurice changed into Maurice the centaur
 10003 | D:10     | Killed Maurice the centaur
 10150 | D:10     | Noticed a hill giant
 10157 | D:10     | HP: 19/72 [hill giant/giant club (13)]
 10492 | D:10     | Killed a hill giant
 10550 | D:7      | Bought a +1 pair of boots for 184 gold pieces
 10907 | D:11     | Received a gift from Okawaru
 10908 | D:11     | Got a crystal great sword {god gift}
 10935 | D:11     | Identified the +9 great sword of Okawaru's Whim {slice, Str+4} (Okawaru gifted it to you on level 11 of the Dungeon)
 10937 | D:11     | --Hmmm, not bad Oka...
 11086 | D:11     | Reached skill level 9 in Dodging
 11134 | D:11     | Reached skill level 9 in Armour
 11322 | D:12     | Noticed a hill giant
 11329 | D:12     | Killed a hill giant
 11573 | D:12     | Killed an unseen horror
 11573 | D:12     | Reached XP level 12. HP: 78/78 MP: 12/12
 11819 | D:11     | Reached ****** piety under Okawaru
 11975 | D:12     | Received a gift from Okawaru
 12176 | D:12     | Got a jewelled plate armour {god gift}
 12187 | D:12     | Identified the +4 plate armour of Failure {*Corrode +Inv +Fly Str+2} (Okawaru gifted it to you on level 12 of the Dungeon)
 12197 | D:12     | --Yup OKa, that's a fail!
 12421 | D:13     | Noticed slayr's ghost (journeyman DEFE)
 12446 | D:13     | Killed slayr's ghost
 12446 | D:13     | Reached skill level 13 in Long Blades
 12446 | D:13     | Reached skill level 10 in Armour
 12465 | D:13     | Noticed Rupert
 12491 | D:13     | Killed Rupert
 12608 | D:13     | Noticed Maud
 12618 | D:13     | Killed Maud
 12760 | D:12     | Reached skill level 10 in Dodging
 13202 | Lair:1   | Reached skill level 11 in Armour
 13301 | Lair:1   | Received a gift from Okawaru
 13826 | Lair:1   | Gained mutation: You are immune to clouds of flame. [demonic ancestry]
 13826 | Lair:1   | Reached XP level 13. HP: 79/83 MP: 13/13
 14122 | Lair:2   | Reached skill level 1 in Invocations
 14205 | Lair:2   | Reached skill level 14 in Long Blades
 14279 | Lair:2   | Reached skill level 2 in Invocations
 14635 | Lair:2   | Reached skill level 3 in Invocations
 14977 | Lair:2   | HP: 24/83 [four-headed hydra (4)]
 15338 | Lair:3   | Reached skill level 4 in Invocations
 15343 | Lair:3   | Found a staircase to the Swamp.
 15593 | Lair:3   | Reached skill level 5 in Invocations
 16280 | Lair:4   | Found a dark tunnel.
 16291 | Volcano  | Entered a volcano
 16359 | Volcano  | Received a gift from Okawaru
 16725 | Lair:4   | Reached skill level 6 in Invocations
 16739 | Lair:4   | Reached skill level 15 in Long Blades
 16747 | Lair:4   | Found a staircase to the Snake Pit.
 16771 | Lair:4   | Got a distressingly furry cloak
 16780 | Lair:4   | Reached skill level 12 in Armour
 16825 | Lair:4   | Identified the cursed -2 cloak of the Bull {MR+ rCorr Dex+4} (You found it on level 4 of the Lair of Beasts)
 17530 | Lair:5   | Received a gift from Okawaru
 17530 | Lair:5   | Reached XP level 14. HP: 85/90 MP: 16/19
 17755 | Lair:5   | Reached skill level 7 in Invocations
 17979 | Lair:5   | Reached skill level 16 in Long Blades
 17979 | Lair:5   | Gained mutation: You have a pair of large horns on your head. [demonic ancestry]
 17979 | Lair:5   | Reached XP level 15. HP: 86/95 MP: 17/20
 18626 | Lair:6   | Reached skill level 8 in Invocations
 18847 | Lair:6   | Reached skill level 1 in Evocations
 19957 | Lair:7   | Reached skill level 2 in Evocations
 19972 | Lair:7   | Found a viscous altar of Jiyva.
 19973 | Lair:7   | Found a staircase to the Slime Pits.
 20551 | Lair:8   | Entered Level 8 of the Lair of Beasts
 20667 | Lair:8   | Reached skill level 3 in Evocations
 20780 | Lair:8   | Reached skill level 17 in Long Blades
 21063 | Lair:8   | Reached skill level 4 in Evocations
 21124 | Lair:8   | Reached skill level 13 in Armour
 21192 | Lair:8   | Noticed Snorg
 21207 | Lair:8   | Killed Snorg
 21738 | Lair:8   | Reached skill level 5 in Evocations
 21884 | Lair:8   | Received a gift from Okawaru
 21917 | Lair:8   | Reached XP level 16. HP: 95/101 MP: 19/22
 22227 | Orc:1    | Killed Fannar
 22619 | Orc:2    | Entered Level 2 of the Orcish Mines
 23052 | Orc:2    | Reached skill level 6 in Evocations
 23406 | Orc:2    | Found Biec's Magic Scroll Shoppe.
 23406 | Orc:2    | Found Oriu's Assorted Antiques.
 23407 | Orc:2    | Found Desekeoq's Jewellery Shop.
 23407 | Orc:2    | Found Zamnue's Gadget Emporium.
 23414 | Orc:2    | Bought a scroll of identify for 34 gold pieces
 23414 | Orc:2    | Bought a scroll of identify for 34 gold pieces
 23414 | Orc:2    | Bought a scroll of blinking for 127 gold pieces
 23469 | Orc:2    | Found a staircase to the Elven Halls.
 23641 | Orc:2    | Bought a wand of hasting (2/9) for 504 gold pieces
 23848 | D:13     | Received a gift from Okawaru
 23920 | D:13     | Reached skill level 18 in Long Blades
 24038 | D:13     | Found Cupaaci's Magic Scroll Shop.
 24041 | D:13     | Bought a scroll of blinking for 97 gold pieces
 24041 | D:13     | Bought a scroll of identify for 26 gold pieces
 24041 | D:13     | Bought a scroll of identify for 26 gold pieces
 24323 | D:13     | Found a gate to the Vaults.
 24332 | D:13     | Reached skill level 7 in Evocations
 24576 | D:14     | Noticed Nessos
 24596 | D:14     | Killed Nessos
 24596 | D:14     | Reached skill level 3 in Fighting
 24654 | D:14     | Found a flagged portal.
 24667 | Bailey   | Entered a bailey
 25152 | D:14     | Noticed Josephine
 25160 | D:14     | Killed Josephine
 25160 | D:14     | Reached skill level 4 in Fighting
 25188 | D:14     | Received a gift from Okawaru
 25522 | D:14     | Reached skill level 8 in Evocations
 25747 | D:14     | Reached skill level 5 in Fighting
 25747 | D:14     | Reached skill level 14 in Armour
 25754 | D:14     | HP: 28/109 [manticore (13)]
 25769 | D:13     | HP: 28/109 [deep troll (8)]
 26755 | D:15     | Entered Level 15 of the Dungeon
 27246 | D:15     | Gained mutation: You regenerate health from kills. [demonic ancestry]
 27246 | D:15     | Reached XP level 17. HP: 117/117 MP: 23/23
 27271 | D:15     | Reached skill level 6 in Fighting
 27280 | D:15     | Found a gateway to a bazaar.
 27298 | D:15     | Reached skill level 9 in Evocations
 27534 | D:15     | Received a gift from Okawaru
 28032 | D:15     | Found a staircase to the Depths.
 28037 | D:15     | Reached skill level 7 in Fighting
 28417 | D:15     | Found an iron altar of Okawaru.
 28759 | Swamp:1  | Entered Level 1 of the Swamp
 29114 | Swamp:1  | Reached skill level 10 in Evocations
 29489 | Swamp:2  | Noticed Nikola
 29523 | Swamp:2  | Killed Nikola
 29523 | Swamp:2  | Reached skill level 8 in Fighting
 30063 | Swamp:2  | Reached skill level 15 in Armour
 30760 | Swamp:3  | Received a gift from Okawaru
 30760 | Swamp:3  | Reached skill level 9 in Fighting
 30761 | Swamp:3  | Got a smoking rapier {god gift}
 30980 | Lair:3   | Identified the +1 rapier of Ash {venom, rF- Dex+4} (Okawaru gifted it to you on level 3 of the Swamp)
 31063 | Swamp:4  | Entered Level 4 of the Swamp
 31131 | Swamp:4  | Noticed Kirke
 31141 | Swamp:4  | Killed Kirke
 31328 | Swamp:4  | HP: 36/126 [fire dragon (5)]
 31679 | Swamp:4  | Reached skill level 10 in Fighting
 31856 | Swamp:4  | Got a decaying rune of Zot
 32104 | Lair:1   | Identified a scroll of acquirement
 32291 | Lair:1   | Upgraded the game from 0.18-a0-1526-gcb34c7c to 0.18-a0-1539-g1c7284a
 32423 | Snake:1  | Entered Level 1 of the Snake Pit
 32440 | Snake:1  | Noticed Azrael
 32443 | Snake:1  | Noticed bl4d3's ghost (journeyman GrFi)
 32457 | Snake:1  | Killed bl4d3's ghost
 32457 | Snake:1  | Received a gift from Okawaru
 32457 | Snake:1  | Reached XP level 18. HP: 113/136 MP: 19/25
 32496 | Snake:1  | Killed Azrael
 32885 | Snake:1  | Reached skill level 16 in Armour
 32950 | Snake:1  | Reached skill level 2 in Throwing
 32976 | Snake:1  | Reached skill level 11 in Fighting
 33089 | Snake:2  | Noticed Wiglaf
 33102 | Snake:2  | Killed Wiglaf
 33113 | Snake:2  | Found a frozen archway.
 33140 | IceCv    | Entered an ice cave
 33415 | IceCv    | Noticed an Ice Fiend
 33427 | IceCv    | HP: 39/138 [Ice Fiend (15)]
 33430 | IceCv    | Killed an Ice Fiend
 33430 | IceCv    | Reached skill level 3 in Throwing
 34326 | Snake:3  | Noticed Aizul
 34355 | Snake:3  | Killed Aizul
 34355 | Snake:3  | Received a gift from Okawaru
 34355 | Snake:3  | Reached skill level 4 in Throwing
 34404 | Snake:3  | Found Xud Mej's Food Shop.
 34605 | Snake:3  | Noticed Jorgrun
 34615 | Snake:3  | Killed Jorgrun
 34730 | Snake:3  | Reached skill level 11 in Dodging
 34976 | Snake:3  | Reached skill level 5 in Throwing
 35139 | Snake:3  | Reached skill level 12 in Fighting
 35677 | Lair:4   | Got a jewelled scale mail
 35688 | Lair:4   | Identified the +2 scale mail "Jatatzao" {rF+ rC+ MR-} (You acquired it on level 4 of the Lair of Beasts)
 35747 | Snake:4  | Entered Level 4 of the Snake Pit
 35972 | Snake:4  | HP: 34/140 [shock serpent (9)]
 36236 | Snake:4  | Found Elutof's Distillery.
 36270 | Snake:4  | Received a gift from Okawaru
 36512 | Snake:4  | Noticed Mara
 36521 | Snake:4  | Noticed Gorice's illusion
 36715 | Snake:4  | Reached skill level 6 in Throwing
 36820 | Snake:4  | Got a translucent leather armour
 37057 | Snake:4  | Received a gift from Okawaru
 37082 | Snake:4  | Gained mutation: You are robust (+10% HP). [demonic ancestry]
 37082 | Snake:4  | Reached XP level 19. HP: 133/161 MP: 20/26
 37109 | Snake:4  | Received a gift from Okawaru
 37266 | Snake:4  | Reached skill level 12 in Dodging
 37588 | Snake:4  | Reached skill level 7 in Throwing
 37693 | Snake:4  | Reached skill level 13 in Fighting
 37795 | Snake:4  | Got a serpentine rune of Zot
 37944 | Snake:4  | Noticed Vashnia
 37980 | Snake:4  | HP: 48/163 [Vashnia/arrow (25)]
 37983 | Snake:4  | Killed Vashnia
 38005 | Snake:4  | Reached skill level 8 in Throwing
 38109 | Snake:4  | Killed Mara
 38369 | Lair:4   | Identified the +0 leather armour of the Ban {Str+2 Slay+4} (You found it on level 4 of the Snake Pit)
 38943 | Orc:2    | Bought an uncursed ring of protection from magic for 425 gold pieces
 39088 | Vaults:1 | Entered Level 1 of the Vaults
 39140 | Vaults:1 | Received a gift from Okawaru
 39153 | Vaults:1 | Got a pair of dazzling boots {god gift}
 39178 | D:13     | Identified the +0 pair of boots "Iviah" {rElec rPois Dex-5} (Okawaru gifted it to you on level 1 of the Vaults)
 39419 | Vaults:1 | Got a vibrating golden ring
 39421 | Vaults:1 | Identified the ring of Taofif {MR+ Int+2} (You found it on level 1 of the Vaults)
 39477 | Vaults:1 | HP: 40/166 [???[an ironheart preserver] (27)]
 39490 | Vaults:1 | HP: 38/166 [blink frog (shapeshifter) (10)]
 39780 | Vaults:1 | Reached skill level 9 in Throwing
 39824 | Vaults:1 | Reached skill level 13 in Dodging
 39985 | Vaults:1 | Reached skill level 14 in Fighting
 40007 | Vaults:1 | HP: 44/167 [slime creature (8)]
 40224 | Vaults:1 | Gained mutation: You regenerate a lot of health from kills. [demonic ancestry]
 40224 | Vaults:1 | Reached XP level 20. HP: 117/174 MP: 12/27
 40594 | Vaults:1 | Identified the Handbook of the Hurtful Rocks
 41226 | Vaults:2 | Found Qaepulia's General Store.
 41461 | Vaults:2 | Received a gift from Okawaru
 41462 | Vaults:2 | Got a warped chain mail {god gift}
 41488 | Vaults:2 | Identified a +2 rod of clouds (13/13) (You found it on level 2 of the Vaults)
 41504 | Vaults:2 | Identified the +3 chain mail of the Lotus Blossom {rN+ Str+7} (Okawaru gifted it to you on level 2 of the Vaults)
 41728 | Vaults:2 | Reached skill level 10 in Throwing
 42804 | Vaults:3 | Reached skill level 15 in Fighting
 43024 | Vaults:3 | Reached skill level 14 in Dodging
 43277 | Vaults:3 | HP: 53/178 [fire dragon (3)]
 43603 | Vaults:3 | Got an ichor-stained cloak
 43614 | Vaults:3 | Identified the cursed -1 cloak "Unyamut" {SInv} (You found it on level 3 of the Vaults)
 44165 | Vaults:3 | Found a staircase to the Crypt.
 44241 | Vaults:3 | Reached skill level 15 in Dodging
 44267 | Vaults:3 | Received a gift from Okawaru
 44395 | Vaults:3 | HP: 50/178 [acid (15)]
 44406 | Vaults:3 | HP: 50/178 [orc knight/broad axe (2)]
 45029 | Vaults:4 | Reached XP level 21. HP: 173/184 MP: 25/28
 45103 | Vaults:4 | HP: 54/184 [vault guard/long sword of electrocution (7)]
 45116 | Vaults:4 | Reached skill level 16 in Dodging
 45384 | Lair:1   | Learned a level 2 spell: Blink
 45387 | Lair:1   | Learned a level 2 spell: Repel Missiles
 45391 | Lair:1   | Learned a level 3 spell: Portal Projectile
 45479 | D:7      | Bought a manual of Armour for 1656 gold pieces
 45682 | Vaults:3 | Reached skill level 1 in Spellcasting
 45682 | Vaults:3 | Reached skill level 1 in Translocations
 45977 | Vaults:3 | Reached skill level 2 in Translocations
 46169 | Vaults:4 | Reached skill level 2 in Spellcasting
 46220 | Vaults:4 | Reached skill level 3 in Translocations
 46453 | Vaults:4 | HP: 45/184 [ettin/dire flail (22)]
 46455 | Vaults:4 | HP: 19/184 [stone giant/large rock (25)]
 46759 | Vaults:3 | Received a gift from Okawaru
 46869 | Vaults:3 | Reached skill level 4 in Translocations
 46944 | Vaults:3 | Reached skill level 3 in Spellcasting
 47182 | Vaults:4 | HP: 53/184 [burnt (4)]
 47186 | Vaults:3 | HP: 26/184 [seven-headed hydra (shapeshifter) (2)]
 47191 | Vaults:3 | HP: 31/184 [poisoned by a greater naga (bolt of poison)]
 47193 | Vaults:3 | HP: 15/184 [burnt (1)]
 47610 | Vaults:3 | Reached skill level 5 in Translocations
 47653 | Vaults:3 | Got a crude bone amulet
 47972 | Vaults:4 | Identified the Reference Book on Scorching Attacks
 48025 | Vaults:4 | Reached skill level 4 in Spellcasting
 48254 | Vaults:4 | Identified the amulet "Mumoiros" {+Rage rElec MP+9} (You took it off a salamander stormcaller on level 3 of the Vaults)
 48518 | D:13     | Upgraded the game from 0.18-a0-1539-g1c7284a to 0.18-a0-1542-g9c1a92e
 48819 | Vaults:2 | Bought 5 javelins of returning for 168 gold pieces
 48869 | Crypt:1  | Entered Level 1 of the Crypt
 48925 | Vaults:3 | Reached skill level 1 in Maces & Flails
 48965 | Vaults:3 | Reached skill level 6 in Translocations
 49156 | Crypt:1  | Received a gift from Okawaru
 49460 | Crypt:1  | Reached skill level 17 in Armour
 49462 | Crypt:1  | Noticed Sojobo
 49494 | Crypt:1  | Killed Sojobo
 49494 | Crypt:1  | Received a gift from Okawaru
 49503 | Crypt:1  | Reached skill level 5 in Spellcasting
 49503 | Crypt:1  | Reached skill level 7 in Translocations
 49511 | Crypt:1  | Received a gift from Okawaru
 49808 | Crypt:1  | Paralysed by a vampire knight for 2 turns
 49893 | Crypt:1  | Received a gift from Okawaru
 49895 | Crypt:1  | Got a shimmering battleaxe {god gift}
 50115 | Vaults:3 | Identified the +1 battleaxe "Jenwupt" {venom, Str+3} (Okawaru gifted it to you on level 1 of the Crypt)
 50228 | Crypt:2  | Noticed Jory
 50242 | Crypt:2  | Killed Jory
 50242 | Crypt:2  | Reached skill level 8 in Translocations
 50353 | Crypt:2  | Noticed Mennas
 50480 | Crypt:2  | Identified the Collected Works on the Nocuous Escort (You found it on level 2 of the Crypt)
 50498 | Crypt:2  | Learned a level 1 spell: Summon Butterflies
 50644 | Crypt:2  | Killed Mennas
 50644 | Crypt:2  | Gained mutation: You are very robust (+20% HP). [demonic ancestry]
 50644 | Crypt:2  | Reached XP level 22. HP: 104/210 MP: 15/30
 50676 | Crypt:2  | Reached skill level 6 in Spellcasting
 50955 | Crypt:2  | HP: 58/210 [something (10)]
 51144 | Crypt:3  | Entered Level 3 of the Crypt
 51218 | Crypt:2  | Reached skill level 9 in Translocations
 51340 | Crypt:3  | Reached skill level 1 in Air Magic
 51367 | Crypt:2  | Reached skill level 1 in Charms
 51501 | Crypt:2  | Received a gift from Okawaru
 51763 | Crypt:2  | Reached skill level 2 in Charms
 51934 | Crypt:3  | Received a gift from Okawaru
 51934 | Crypt:3  | Reached skill level 2 in Air Magic
 52234 | Crypt:3  | Reached skill level 3 in Charms
 52234 | Crypt:3  | Reached skill level 3 in Air Magic
 52247 | Crypt:3  | HP: 63/210 [something (3)]
 52248 | Crypt:3  | Reached skill level 18 in Armour
 52257 | Crypt:3  | HP: 48/210 [jiangshi (9)]
 52833 | Crypt:3  | Reached skill level 4 in Air Magic
 52933 | Crypt:3  | Reached skill level 7 in Spellcasting
 52933 | Crypt:3  | Reached skill level 4 in Charms
 53138 | Crypt:3  | Received a gift from Okawaru
 53218 | Crypt:3  | Reached skill level 5 in Air Magic
 53334 | Crypt:3  | Reached skill level 5 in Charms
 53383 | Crypt:3  | Found a basalt altar of Yredelemnul.
 53389 | Crypt:3  | Found an ancient bone altar of Kikubaaqudgha.
 53610 | Crypt:3  | Found a staircase to the Tomb.
 54099 | Vaults:3 | Received a gift from Okawaru
 54438 | Elf:1    | Entered Level 1 of the Elven Halls
 54459 | Elf:1    | Found a radiant altar of Vehumet.
 54468 | Elf:1    | Reached skill level 6 in Air Magic
 54634 | Elf:1    | Reached skill level 6 in Charms
 55056 | Elf:1    | Found Afruog's Armour Boutique.
 55246 | Elf:1    | Gained mutation: You are extremely robust (+30% HP). [demonic ancestry]
 55246 | Elf:1    | Reached XP level 23. HP: 210/235 MP: 32/34
 55395 | Elf:2    | Reached skill level 7 in Air Magic
 55443 | Elf:2    | Found Lunorayh's Book Boutique.
 55479 | Elf:2    | Reached skill level 8 in Spellcasting
 55528 | Elf:2    | Found a runed gate.
 55528 | Elf:2    | Found a runed gate.
 55543 | Elf:2    | Found a runed gate.
 55586 | Elf:2    | Found Eptuyn Loci's General Store.
 55598 | Elf:2    | Bought a potion of beneficial mutation for 630 gold pieces
 55598 | Elf:2    | Gained mutation: Your skin changes colour to match your surroundings (Stealth). [potion of beneficial mutation]
 55923 | Elf:2    | Found Qata's Jewellery Emporium.
 55929 | Elf:2    | Bought an uncursed ring of see invisible for 240 gold pieces
 55936 | Elf:2    | Found Adaucwof's Assorted Antiques.
 55937 | Elf:2    | Found Lacuocol's Armour Emporium.
 55993 | Elf:2    | Bought a glowing bronze ring for 190 gold pieces
 56058 | Elf:2    | Reached skill level 7 in Charms
 56949 | Elf:3    | Entered Level 3 of the Elven Halls
 56969 | Elf:3    | Reached skill level 8 in Air Magic
 57288 | Elf:3    | Noticed Louise
 57302 | Elf:3    | Killed Louise
 57302 | Elf:3    | Reached skill level 1 in Summonings
 57553 | Elf:3    | Reached skill level 8 in Charms
 57586 | Elf:3    | Reached skill level 19 in Armour
 57792 | Elf:3    | Reached skill level 2 in Summonings
 58118 | Elf:3    | Reached skill level 3 in Summonings
 58517 | Elf:3    | Reached skill level 4 in Summonings
 58523 | Elf:3    | Received a gift from Okawaru
 58540 | Elf:3    | Reached skill level 9 in Spellcasting
 58551 | Elf:3    | Identified a +2 rod of shadows (4/11) {!a} (You took it off a deep elf knight on level 3 of the Elven Halls)
 58572 | Elf:3    | Got a vibrating bronze ring
 58582 | Elf:3    | Identified Sif Muna's Handbook of Feathers
 58589 | Elf:3    | Learned a level 2 spell: Swiftness
 58618 | Elf:3    | Identified the ring "Ankeunle" {rPois rC+ MP+9 Stlth+} (You took it off a deep elf demonologist on level 3 of the Elven Halls)
 58628 | Elf:3    | Identified Wohiziabb's Grimoire of Hurtful Poison (You found it on level 3 of the Elven Halls)
 58671 | Elf:3    | HP: 68/235 [Ice Fiend/bolt of cold[a deep elf demonologist] (10)]
 58676 | Elf:3    | HP: 63/235 [deep elf master archer/arrow of flame (7)]
 58680 | Elf:3    | HP: 29/235 [deep elf annihilator/poison arrow (13)]
 58686 | Elf:3    | HP: 19/235 [poisoned by a deep elf annihilator (poison arrow)]
 58691 | Elf:3    | HP: 19/235 [poisoned by a deep elf annihilator (poison arrow)]
 58696 | Elf:3    | HP: 20/235 [poisoned by a deep elf annihilator (poison arrow)]
 58701 | Elf:3    | HP: 21/235 [poisoned by a deep elf annihilator (poison arrow)]
 58706 | Elf:3    | HP: 21/235 [poisoned by a deep elf annihilator (poison arrow)]
 58711 | Elf:3    | HP: 22/235 [poisoned by a deep elf annihilator (poison arrow)]
 59373 | Elf:3    | Reached skill level 5 in Summonings
 59538 | Elf:3    | Got a scintillating amethyst amulet
 59552 | Elf:3    | Reached skill level 6 in Summonings
 59599 | Elf:3    | Received a gift from Okawaru
 59620 | Elf:3    | Identified the Handbook of Augmentations
 59965 | Lair:1   | Identified the amulet "Iroid" {RegenMP Str+5 Dex+5} (You took it off a deep elf blademaster on level 3 of the Elven Halls)
 60376 | Lair:1   | Learned a level 1 spell: Apportation
 60599 | Depths:1 | Entered Level 1 of the Depths
 60601 | Depths:1 | Got a pitted cloak
 60619 | D:15     | Identified the +2 cloak of Forking Paths {rC+} (You found it on level 1 of the Depths)
 60680 | Depths:1 | Reached skill level 7 in Summonings
 60927 | Depths:1 | Reached skill level 8 in Summonings
 61012 | Depths:1 | Found a one-way gate to the infinite horrors of the Abyss.
 61179 | Depths:1 | Reached XP level 24. HP: 242/244 MP: 36/36
 61225 | Depths:1 | Found a gateway to Hell.
 61419 | Depths:1 | Reached skill level 9 in Summonings
 61454 | Depths:1 | Got a transparent platinum ring
 61465 | Depths:1 | Identified the ring of Gluttony {*Drain rElec Dex+7 Stlth+} (You found it on level 1 of the Depths)
 61886 | Depths:2 | Found Feaqec's Assorted Antiques.
 61950 | Depths:2 | Found a portal to a secret trove of treasure.
 62032 | Depths:2 | Found a flickering gateway to a bazaar.
 62033 | Depths:2 | Found a one-way gate leading to the halls of Pandemonium.
 62041 | Bazaar   | Entered a bazaar
 62042 | Bazaar   | Found Voato's Distillery.
 62056 | Bazaar   | Found Eduli's Antique Armour Boutique.
 62064 | Bazaar   | Found Ublaosocs's Armour Shoppe.
 62069 | Bazaar   | Found Meewn's Antique Weapon Boutique.
 62072 | Bazaar   | Bought a +2 pair of boots of running for 664 gold pieces
 62090 | Bazaar   | Found Qeotecofu's Armour Emporium.
 62093 | Bazaar   | Bought the +3 cloak of Infinity {rF+ rC+} for 486 gold pieces
 62122 | Bazaar   | Bought a pair of glowing gloves for 94 gold pieces
 62146 | Bazaar   | Bought a potion of heal wounds for 80 gold pieces
 62146 | Bazaar   | Bought a potion of heal wounds for 80 gold pieces
 62146 | Bazaar   | Bought a potion of heal wounds for 80 gold pieces
 62265 | Depths:2 | Found Usepu's Gadget Boutique.
 62296 | Depths:2 | Found Sivod's Jewellery Shoppe.
 62303 | Depths:2 | Received a gift from Okawaru
 62660 | Depths:2 | --pUX: vault needs flybooys
 62679 | Depths:2 | Found Horuemeo's Armour Shoppe.
 62694 | Depths:2 | Upgraded the game from 0.18-a0-1542-g9c1a92e to 0.18-a0-1551-g40744a8
 62850 | Depths:2 | Bought a wand of disintegration (6/24) for 170 gold pieces
 62901 | Depths:2 | Received a gift from Okawaru
 63667 | Depths:2 | Reached skill level 20 in Armour
 63711 | Depths:2 | Noticed a juggernaut
 63730 | Depths:2 | Killed a juggernaut
 63730 | Depths:2 | Received a gift from Okawaru
 63733 | Depths:2 | Got an ancient triple sword {god gift}
 63738 | Depths:2 | Reached skill level 16 in Fighting
 63744 | Depths:2 | Identified the +9 triple sword of Domination {freeze, +Blink rF++ Str-2 Stlth+} (Okawaru gifted it to you on level 2 of the Depths)
 63745 | Depths:2 | --nice!
 64206 | Depths:3 | Found a gateway to a ziggurat.
 64549 | Depths:3 | Received a gift from Okawaru
 64692 | Depths:3 | Received a gift from Okawaru
 64805 | Depths:3 | Paralysed by a giant eyeball for 2 turns
 64811 | Depths:3 | Paralysed by a giant eyeball for 3 turns
 64978 | Depths:3 | Reached skill level 19 in Long Blades
 65253 | Depths:3 | Paralysed by a giant eyeball for 2 turns
 65259 | Depths:3 | Paralysed by a giant eyeball for 2 turns
 65813 | Depths:3 | Noticed an ancient lich
 65834 | Depths:3 | Killed an ancient lich
 65908 | Depths:3 | Reached skill level 20 in Long Blades
 65944 | Depths:3 | Gained mutation: You are completely covered in molten scales (AC +4, EV -1, rF+). [demonic ancestry]
 65944 | Depths:3 | Reached XP level 25. HP: 248/256 MP: 36/36
 66090 | Depths:3 | Got a faintly glowing steel ring
 66096 | Depths:3 | Identified the ring "Eheif" {rCorr rElec Str+4} (You took it off a rakshasa on level 3 of the Depths)
 66158 | Depths:3 | Received a gift from Okawaru
 66868 | Depths:3 | Received a gift from Okawaru
 67023 | Depths:3 | Received a gift from Okawaru
 67245 | Trove    | Entered a treasure trove
 67437 | D:15     | Gained mutation: You are resistant to hostile enchantments. [potion of beneficial mutation]
 67438 | D:15     | Gained mutation: Your mind is acute. (Int +2) [potion of beneficial mutation]
 67741 | Depths:4 | Reached skill level 21 in Long Blades
 67754 | Depths:4 | Noticed an iron giant
 67796 | Depths:4 | Killed an iron giant
 68598 | Depths:4 | Found Abiserch's Quality Used Wands.
 68931 | Depths:5 | Entered Level 5 of the Depths
 69038 | Depths:5 | Found a glowing golden altar of the Shining One.
 69088 | Depths:5 | Reached skill level 22 in Long Blades
 69295 | Depths:5 | Found a gate to the Realm of Zot.
 69634 | Depths:5 | Found Wiparuat's Weapon Boutique.
 69696 | Depths:5 | Reached XP level 26. HP: 194/265 MP: 32/36
 69833 | Depths:5 | Reached skill level 23 in Long Blades
 70561 | Vaults:5 | Entered Level 5 of the Vaults
 70978 | Vaults:5 | Found Afysob's Armour Shop.
 71286 | Vaults:5 | Reached skill level 24 in Long Blades
 71311 | Vaults:5 | Received a gift from Okawaru
 71417 | Vaults:5 | Got a steaming cloak
 71428 | Vaults:5 | Identified the cursed +0 cloak of Girrache {Dex+7} (You found it on level 5 of the Vaults)
 71432 | Vaults:5 | Got a crystal scimitar
 71433 | Vaults:5 | Identified the +6 scimitar of Ixziuhis {pain, rF+} (You found it on level 5 of the Vaults)
 71534 | Vaults:5 | Noticed an ancient lich
 71598 | Vaults:5 | HP: 51/266 [deep elf high priest/burst of hellfire (29)]
 72233 | Vaults:5 | Killed an ancient lich
 72492 | Vaults:5 | Received a gift from Okawaru
 72655 | Vaults:5 | Received a gift from Okawaru
 72832 | Vaults:5 | Got a silver rune of Zot
 72836 | Vaults:5 | Got a slimy plate armour
 72860 | Vaults:5 | Identified the +3 plate armour of Disaster {rF+ rCorr Str-3 Int+6} (You found it on level 5 of the Vaults)
 72875 | Vaults:5 | Identified Sif Muna's Incunabulum of Transmigration (You found it on level 5 of the Vaults)
 72980 | Vaults:5 | Reached skill level 17 in Fighting
 72999 | Vaults:5 | HP: 67/270 [flayed ghost/flay_damage (32)]
 73059 | Vaults:5 | Received a gift from Okawaru
 73076 | Vaults:5 | Got an emerald-encrusted chain mail
 73100 | Vaults:5 | Identified Racig's Disquisition on Snow
 73135 | Vaults:5 | Identified the +4 chain mail of Filth {-Tele rElec Int+4 Stlth+} (You found it on level 5 of the Vaults)
 73259 | Vaults:5 | Upgraded the game from 0.18-a0-1551-g40744a8 to 0.18-a0-1560-ge216ca8
 73441 | Vaults:5 | Received a gift from Okawaru
 73521 | Vaults:5 | Identified a +5 rod of shadows (8/9) {!a} (You took it off a necromancer on level 5 of the Vaults)
 73574 | Vaults:5 | Identified Wonidghu's Grimoire of Stolen Souls (You found it on level 5 of the Vaults)
 73579 | Vaults:5 | Learned a level 3 spell: Regeneration
 74367 | Lair:1   | Learned a level 8 spell: Necromutation
 74814 | Slime:1  | Entered Level 1 of the Pits of Slime
 74833 | Lair:7   | Reached skill level 1 in Necromancy
 74837 | Slime:1  | Gained mutation: You are clumsy. (Dex -2) [a shining eye]
 74852 | Slime:1  | Gained mutation: Your demonic aura causes spilled blood to erupt in flames. [demonic ancestry]
 74852 | Slime:1  | Reached XP level 27. HP: 175/279 MP: 18/36
 74887 | Slime:1  | Reached skill level 21 in Armour
 74887 | Slime:1  | Reached skill level 2 in Necromancy
 74937 | Slime:2  | Received a gift from Okawaru
 75091 | Slime:4  | Reached skill level 3 in Necromancy
 75131 | Slime:5  | Reached skill level 1 in Transmutations
 75169 | Slime:5  | Gained mutation: You are very clumsy. (Dex -4) [a shining eye]
 75194 | Slime:6  | Entered Level 6 of the Pits of Slime
 75203 | Slime:6  | Gained mutation: You are weak. (Str -2) [a shining eye]
 75234 | Slime:6  | Reached skill level 4 in Necromancy
 75240 | Slime:6  | Received a gift from Okawaru
 75399 | Slime:6  | Reached skill level 2 in Transmutations
 75490 | Slime:6  | Reached skill level 5 in Necromancy
 75560 | Slime:6  | Received a gift from Okawaru
 75561 | Slime:6  | Got a bloodstained crystal plate armour {god gift}
 75617 | Slime:5  | Identified the +1 crystal plate armour of Parlour Games {rElec rN+ Slay-3} (Okawaru gifted it to you on level 6 of the Pits of Slime)
 75687 | Slime:6  | Reached skill level 3 in Transmutations
 75734 | Slime:6  | Gained mutation: Armour fits poorly on your strangely shaped body. [a shining eye]
 75746 | Slime:6  | Lost mutation: Armour fits poorly on your strangely shaped body. [potion of cure mutation]
 75746 | Slime:6  | Lost mutation: You are weak. (Str -2) [potion of cure mutation]
 75746 | Slime:6  | Lost mutation: Your mind is acute. (Int +2) [potion of cure mutation]
 75746 | Slime:6  | Lost mutation: You are very clumsy. (Dex -4) [potion of cure mutation]
 75786 | Slime:6  | Reached skill level 18 in Fighting
 75788 | Slime:6  | Found a viscous altar of Jiyva.
 75794 | Slime:6  | Noticed the Royal Jelly
 75933 | Slime:6  | Killed the Royal Jelly
 75933 | Slime:6  | Reached skill level 6 in Necromancy
 75933 | Slime:6  | Reached skill level 4 in Transmutations
 75977 | Slime:6  | Got a slimy rune of Zot
 76140 | Slime:6  | Identified Sif Muna's Almanac of Orientation
 76197 | Slime:6  | Got a fine turquoise ring
 76198 | Slime:6  | Identified the ring of the Duchess {rCorr rElec} (You found it on level 6 of the Pits of Slime)
 76824 | Zot:1    | Entered Level 1 of the Realm of Zot
 76848 | Zot:1    | Reached skill level 7 in Necromancy
 76944 | Zot:1    | Reached skill level 5 in Transmutations
 77231 | Zot:1    | Reached skill level 8 in Necromancy
 77242 | Zot:1    | Reached skill level 6 in Transmutations
 77550 | Zot:1    | Reached skill level 9 in Necromancy
 77566 | Zot:1    | Reached skill level 7 in Transmutations
 77575 | Zot:1    | Received a gift from Okawaru
 78365 | Zot:2    | Reached skill level 10 in Necromancy
 78525 | Zot:2    | Reached skill level 8 in Transmutations
 78958 | Zot:3    | Noticed an orb of fire
 78960 | Zot:3    | Gained mutation: Scrolls take you a little longer to read. [an orb of fire]
 78982 | Zot:3    | Gained mutation: Armour fits poorly on your strangely shaped body. [an orb of fire]
 78984 | Zot:3    | Killed an orb of fire
 78984 | Zot:3    | Reached skill level 11 in Necromancy
 79000 | Zot:3    | Reached skill level 9 in Transmutations
 79571 | Zot:3    | Reached skill level 12 in Necromancy
 79719 | Zot:3    | Reached skill level 10 in Transmutations
 79729 | Zot:3    | Reached skill level 19 in Fighting
 79731 | Zot:3    | Received a gift from Okawaru
 80563 | Zot:4    | HP: 84/287 [??? (64)]
 80948 | Zot:4    | Reached skill level 13 in Necromancy
 81273 | Zot:4    | Reached skill level 11 in Transmutations
 81797 | Depths:2 | Bought a spiked steam dragon armour for 1575 gold pieces
 81808 | Depths:2 | Identified the +5 steam dragon armour "Jiostafy" {Int+4} (You bought it in a shop on level 2 of the Depths)
 81995 | Lair:1   | Gained mutation: You are highly resistant to hostile enchantments. [potion of beneficial mutation]
 82001 | Lair:1   | Got a pair of jewelled gloves
 82012 | Lair:1   | Identified the -3 pair of gloves "Acoodih" {rElec} (You acquired it on level 1 of the Lair of Beasts)
 82024 | Lair:1   | Got a pair of heavily runed gloves
 82035 | Lair:1   | Identified the -4 pair of gloves "Otriatoc" {+Blink MR+ Int-3 Stlth+} (You acquired it on level 1 of the Lair of Beasts)
 82052 | Lair:1   | Lost mutation: Scrolls take you a little longer to read. [potion of cure mutation]
 82052 | Lair:1   | Lost mutation: You are clumsy. (Dex -2) [potion of cure mutation]
 82052 | Lair:1   | Lost mutation: Armour fits poorly on your strangely shaped body. [potion of cure mutation]
 82052 | Lair:1   | Lost mutation: You are highly resistant to hostile enchantments. [potion of cure mutation]
 82052 | Lair:1   | Lost mutation: You are resistant to hostile enchantments. [potion of cure mutation]
 82052 | Lair:1   | Lost mutation: Your skin changes colour to match your surroundings (Stealth). [potion of cure mutation]
 82269 | Depths:2 | Bought the quicksilver dragon armour "Reeprod" {rN+ MR+} for 1068 gold pieces
 82922 | Lair:1   | Learned a level 2 spell: Passwall
 82928 | Lair:1   | Learned a level 5 spell: Dispel Undead
 83141 | Depths:1 | Voluntarily entered the Abyss.
 83194 | Abyss:1  | Found an opulent altar of Gozag.
 83245 | Abyss:1  | Received a gift from Okawaru
 83345 | Abyss:3  | Found a corrupted altar of Lugonu.
 83347 | Abyss:3  | Got an abyssal rune of Zot
 83360 | Abyss:3  | --That seemed ridiculously easy!
 83561 | Abyss:3  | Paralysed by accursed screaming for 1 turns
 83572 | Abyss:3  | Received a gift from Okawaru
 83576 | Abyss:3  | Got a diamond-studded troll leather armour {god gift}
 83598 | Depths:1 | Escaped the Abyss
 83666 | Depths:2 | Identified the +3 troll leather armour of the Turtle {rN+ Regen+} (Okawaru gifted it to you on level 3 of the Abyss)
 83685 | Pan      | Entered Pandemonium
 83718 | Pan      | Noticed Fyruodiuma the pandemonium lord
 83728 | Pan      | HP: 83/288 [??? (43)]
 84063 | Pan      | Killed Fyruodiuma the pandemonium lord
 84063 | Pan      | Reached skill level 14 in Necromancy
 84256 | Pan      | Found an exit through the horrors of the Abyss.
 84444 | Pan      | Reached skill level 12 in Transmutations
 84593 | Pan      | HP: 74/288 [??? (54)]
 84699 | Pan      | Noticed Cemumill the pandemonium lord
 84731 | Pan      | Killed Cemumill the pandemonium lord
 84850 | Depths:2 | Escaped Pandemonium
 84859 | Pan      | Entered Pandemonium
 84859 | Pan      | Found a runed door.
 84863 | Pan      | Found a runed door.
 84864 | Pan      | Found a runed door.
 84864 | Pan      | Noticed Dipliw the pandemonium lord
 84878 | Pan      | Killed Dipliw the pandemonium lord
 84904 | Pan      | Found a runed door.
 84913 | Pan      | Identified the Collected Works on Flying Beguiling
 84935 | Pan      | Got a flickering steel ring
 84936 | Pan      | Identified the ring of the Four Souls {+Fly rPois rF- MR+} (You found it in Pandemonium)
 85217 | Pan      | Reached skill level 15 in Necromancy
 85449 | Pan      | Found an exit through the horrors of the Abyss.
 85608 | Pan      | Reached skill level 13 in Transmutations
 85704 | Pan      | Noticed Soerch the pandemonium lord
 85861 | Pan      | Found a basalt altar of Yredelemnul.
 86135 | Pan      | Received a gift from Okawaru
 86136 | Pan      | Got an ancient plate armour {god gift}
 86137 | Pan      | Identified the +9 plate armour "Fyodesoi" {Dex+6} (Okawaru gifted it to you in Pandemonium)
 86157 | Pan      | Noticed Vaghoaha the pandemonium lord
 86170 | Pan      | Cast into level 5 of the Abyss (Vaghoaha)
 86170 | Abyss:5  | Entered Level 5 of the Abyss
 86384 | Pan      | Escaped the Abyss
 86534 | Pan      | Cast into level 5 of the Abyss (Vaghoaha)
 86534 | Abyss:5  | Entered Level 5 of the Abyss
 86599 | Pan      | Escaped the Abyss
 86897 | Pan      | Reached skill level 16 in Necromancy
 86916 | Pan      | Killed Vaghoaha the pandemonium lord
 86976 | Pan      | Got a demonic rune of Zot
 86977 | Pan      | --Well Vaghoaha, your were a worthy opponent
 86977 | Pan      | --glad you were guarding the Demonic Rune
 86990 | Pan      | Found an exit through the horrors of the Abyss.
 87493 | Pan      | Identified a +2 rod of shadows (13/13) (You found it in Pandemonium)
 87523 | Pan      | Reached skill level 20 in Fighting
 87567 | Pan      | HP: 66/291 [??? (41)]
 87573 | Pan      | HP: 68/291 [poisoned by a red devil]
 87696 | Pan      | Reached skill level 14 in Transmutations
 87924 | Pan      | Noticed Utoroyq the pandemonium lord
 87946 | Pan      | Killed Utoroyq the pandemonium lord
 88181 | Pan      | Entered the realm of Gloorx Vloq.
 88223 | Pan      | Found an exit through the horrors of the Abyss.
 88342 | Pan      | Reached skill level 17 in Necromancy
 88508 | Pan      | Noticed Gloorx Vloq
 88518 | Pan      | HP: 87/291 [Gloorx Vloq (9)]
 88522 | Pan      | HP: 39/290 [Gloorx Vloq (10)]
 88525 | Pan      | HP: 4/291 [Gloorx Vloq/poison arrow (23)]
 88525 | Pan      | Mangled by an Executioner

Vault maps used:
D:1:      erik_arrival_orb_chamber, hex_tiny
D:2:      roderic_roman_lattice
D:3:      cheibriados_altar_wand_db, grunt_dithmenos_smoke,
          hangedman_decor_riveting, kennysheep_generic_room_7
D:5:      temple_hall, first_bread
D:6:      grunt_ministairs_2
D:7:      grunt_pakellas_sulfur, grunt_temple_overflow_open, serial_shops,
          nicolae_shop_trees, kennysheep_mini, nicolae_shop_crystal,
          nicolae_shop_behind_doors
D:8:      overflow_temple_1_default, uniq_joseph
D:9:      lemuel_doored_altar, minmay_lair_entry_grove, erik_orc_2,
          hangedman_tree_tricks, uniq_erolcha
D:10:     serial_shops, kennysheep_little_box, uniq_maurice
D:13:     grunt_vaults_entry_fortified, serial_shops, nicolae_shop_behind_doors,
          uniq_maud, uniq_rupert
D:14:     hangedman_opposites_gauntlet, enter_bailey_3, uniq_nessos,
          uniq_josephine
D:15:     grunt_enter_depths_snipers, serial_shops, statue_bzr,
          okawaru_ov_weapons_minmay, minivault_28
Temple:   minmay_temple_bridge_b_8
Lair:1:   nicolae_quartered_pool_super
Lair:3:   swamp_mist, hangedman_lair_unloving_vines, small_statue_intersection,
          roderic_lost_polar_bear, lemuel_fruit_tree
Lair:4:   minmay_snake_entry_six_corridors, enter_volcano_4
Lair:5:   minmay_another_anthill
Lair:6:   beast_lair_carwin_4
Lair:7:   dpeg_slime_entry_enclosed_altar, beast_lair_carwin_11
Lair:8:   grunt_lair_end_beastmaster, lemuel_fruit_fields, serial_bayou_shore_b,
          uniq_snorg
Swamp:1:  nicolae_swamp_feature_on_the_river_bank, swamp_pool1
Swamp:2:  evilmike_swamp_ruin_house_3, uniq_nikola
Swamp:3:  hangedman_swamp_blocks
Swamp:4:  swamp_fiery, uniq_kirke
Snake:1:  st_stairs_10, uniq_azrael
Snake:2:  portal_ice_cave_entry_ice_statue_02, uniq_wiglaf
Snake:3:  serial_shops, nicolae_shop_stone, grunt_megastairs_3, uniq_jorgrun,
          uniq_aizul
Snake:4:  snake_pit, serial_shops, shop, spider_trap, uniq_vashnia, uniq_mara
Orc:1:    uniq_harold, uniq_fannar
Orc:2:    st_orc_ogre_mass
Elf:1:    eino_elf_arrival_altar, serial_shops, shop, hangedman_elf_represent
Elf:2:    serial_shops, shop, shop, nicolae_shop_statue_plus, shop, shop,
          hangedman_elf_targetted_burst, corexii_checkpoint_b
Elf:3:    elf_hall_gauntlet_narrow, uniq_louise
Vaults:1: ontoclasm_vaults_spin, nicolae_vaults_little_squares_3,
          nicolae_vaults_diagonal_hallway_6, st_spiral_rooms,
          hangedman_vaults_unwind, nicolae_vaults_windows_and_doors_thing,
          ontoclasm_vaults_twist, hangedman_vaults_pinch,
          vaults_room_stairs_pillars, hangedman_vaults_corner,
          dpeg_vaults_monster_row, vaults_room_pools
Vaults:2: hangedman_vaults_nails, vaults_dpeg_diagonal,
          nicolae_vaults_little_squares_3, v_alt_pattern_2,
          nicolae_vaults_sealed_display, vaults_dpeg_hooks,
          nicolae_vaults_little_squares_3, vaults_mumra_hexcomb, v_rooms_1,
          vaults_standard_mumra_enter_the_diamond, serial_shops, shop
Vaults:3: vaults_dpeg_ring, nicolae_vaults_statue_guard, grunt_vaults_bifocal,
          grunt_vaults_hallway_long, minmay_crypt_entry_simple_statues,
          v_alt_pattern_4, grunt_vaults_focal, ontoclasm_vaults_shuriken,
          vaults_standard_mumra_enter_the_diamond,
          nicolae_vaults_stairing_the_circle, v_misc_9, v_pattern_1, v_misc_12,
          hangedman_vaults_capsules
Vaults:4: st_greater_box_5, vaults_mumra_minichess_inversion,
          nicolae_vaults_ring_of_whatevers, v_rooms_5, hangedman_vaults_nails,
          v_rooms_3, ontoclasm_vaults_pinch, v_misc_5,
          nicolae_vaults_shelves_hall, nicolae_vaults_angled_halls,
          hangedman_vaults_trim, vaults_room_pools
Crypt:1:  minmay_strange_pillars, grunt_megastairs_4, uniq_sojobo
Crypt:2:  uniq_mennas, uniq_jory
Crypt:3:  lightli_unholy_cathedral, tomb_entry_sphere_bobbens
Depths:1: nrook_guardian_serpent_snake_passage, minmay_crystal_water,
          abyss_entry_small_statue_room, hangedman_geh_valley, laboratory
Depths:2: kennysheep_water_balloons, grunt_hell_entry_dis_old, pan_entry,
          serial_shops, bzr_entry_dummy, shop, nicolae_shop_stone, shop, shop,
          dk_noncrumbling_4, trove_entry_hex_spiral, kennysheep_crisscross
Depths:3: hangedman_grunt_twisty_little_passages, enter_ziggurat_d,
          roderic_lattice_a, hell_entry, grunt_pan_entry_zigzag
Depths:4: minmay_textured_paths, pan_entry, hell_entry, serial_curves,
          eino_curves_03, eino_curves_04, abyss_entry, serial_bayou_pond_e,
          hangedman_decor_lopped, minmay_misc_feat_roman, spider_trap,
          grunt_decor_mini_mirrors, nicolae_for_you_no_charge
Depths:5: grunt_zot_entry_bicorn, serial_shops, nicolae_shop_behind_doors,
          tso_altar, hell_entry, lightli_fourway_metalbox,
          kennysheep_random_hallway
Zot:3:    grunt_ministairs_4
Abyss:2:  evilmike_abyss_exit_9
Abyss:3:  hangedman_abyss_feature_spike, evilmike_abyss_rune_shrine,
          evilmike_abyss_exit_12, guppyfry_abyss_exit_glass_guarded
Abyss:5:  evilmike_abyss_exit_chaos, hangedman_illusive_loot,
          evilmike_abyss_exit_17, minivault_4, minivault_1,
          evilmike_abyss_exit_1, evilmike_abyss_exit_11,
          hangedman_stitches_earthworm
Pan:      rand_demon_6, pan_blood_fountain_small, pan_blood_fountain_2,
          reaverb_pan_chaos_star, grunt_pan_sceptre, rand_demon_7, rand_demon_2,
          rand_demon_8, pan_blood_fountain, rand_demon_6, evilmike_mini_pan_3x3,
          grunt_pan_in_and_out, rand_demon_1, gloorx_vloq_grunt_torture_chamber,
          pan_blood_fountain, nicolae_pan_lom_lobonic_1
Bazaar:   bazaar_kb_twisted_cavern
Trove:    trove_alchemists_storehouse
Bailey:   bailey_axe_1, bailey
IceCv:    ice_cave_small_demon
Volcano:  volcano_pools

Skill      XL: |  1  2  3  4  5  6  7  8  9 10 11 12 13 14 15 16 17 18 19 20 21 22 23 24 25 26 27 |
---------------+----------------------------------------------------------------------------------+-----
Long Blades    | 3 4 5 6 7 8 10 11 12 13 15 16 17 18 20 22 24 | 24.0
Armour         | 1 2 3 4 6 7 9 11 12 13 14 15 16 17 18 19 20 21 | 21.0
Dodging        | 3 4 5 6 8 9 10 11 13 15 16 | 16.0
Invocations    | 6 7 8 |  8.0
Evocations     | 5 8 10 | 10.0
Fighting       | 5 10 12 14 15 16 17 20 | 20.2
Throwing       | 6 9 10 | 10.3
Spellcasting   | 5 7 9 |  9.0
Translocations | 8 9 |  9.0
Maces & Flails | 1 |  1.2
Air Magic      | 6 8 |  8.2
Charms         | 6 8 |  8.0
Summonings     | 8 9 |  9.0
Necromancy     | 1 17 | 17.3
Transmutations | 14 | 14.7

Action                   |  1- 3 |  4- 6 |  7- 9 | 10-12 | 13-15 | 16-18 | 19-21 | 22-24 | 25-27 || total
-------------------------+-------+-------+-------+-------+-------+-------+-------+-------+-------++-------
Melee: Long sword        |   111 |    79 |   270 |   533 |       |       |       |       |       ||   993
       Dagger            |       |    10 |     9 |       |       |       |       |       |       ||    19
       Great sword       |       |       |       |   343 |   901 |  1801 |  2001 |  2310 |   754 ||  8110
       Hand axe          |       |       |       |     1 |    16 |       |       |       |       ||    17
       Scimitar          |       |       |       |       |    26 |    72 |       |       |       ||    98
       Triple sword      |       |       |       |       |       |       |       |     9 |  2661 ||  2670
 Fire: Hunting sling     |       |    52 |   107 |    20 |       |       |       |       |       ||   179
       Blowgun           |       |       |     8 |    18 |     7 |       |       |       |       ||    33
Throw: Tomahawk          |       |     1 |     5 |    24 |    18 |    39 |    69 |       |       ||   156
       Throwing net      |       |       |     2 |     9 |       |     5 |     1 |       |       ||    17
       Javelin           |       |       |       |     6 |     1 |    22 |    13 |    63 |    87 ||   192
 Cast: Repel Missiles    |       |       |       |       |       |       |       |    13 |    11 ||    24
       Apportation       |       |       |       |       |       |       |       |     3 |     7 ||    10
       Portal Projectile |       |       |       |       |       |       |       |     2 |     5 ||     7
       Swiftness         |       |       |       |       |       |       |       |     1 |       ||     1
       Summon Butterflie |       |       |       |       |       |       |       |     3 |    26 ||    29
       Dispel Undead     |       |       |       |       |       |       |       |       |     2 ||     2
Invok: Heroism           |       |       |       |    12 |     4 |    16 |    18 |     9 |    13 ||    72
       Finesse           |       |       |       |       |       |     2 |     3 |     1 |     1 ||     7
 Abil: Evoke Flight      |       |       |       |     2 |       |     4 |       |       |       ||     6
       Stop Flying       |       |       |       |     1 |       |       |       |       |       ||     1
       Evoke Blink       |       |       |       |     3 |       |       |       |       |     2 ||     5
Evoke: Wand              |       |       |       |     5 |       |     2 |     2 |     1 |     4 ||    14
       Rod               |       |       |       |       |    12 |       |       |       |    15 ||    27
  Use: Scroll            |     4 |     5 |    15 |     5 |     6 |    14 |    11 |    14 |    16 ||    90
       Potion            |       |       |       |       |     1 |     2 |     7 |     1 |    16 ||    27
 Stab: Held in net/web   |       |       |     1 |     1 |       |     2 |       |       |       ||     4
       Confused          |       |       |       |       |       |     3 |       |       |     1 ||     4
       Distracted        |       |       |       |       |       |       |       |       |     2 ||     2
       Paralysed         |       |       |       |       |       |       |       |       |     2 ||     2
       Petrified         |       |       |       |       |       |       |       |       |     1 ||     1
       Sleeping          |       |       |       |       |       |       |       |       |     1 ||     1
  Eat: Chunk             |     2 |     4 |    14 |    23 |    27 |    37 |    33 |    35 |    46 ||   221
       Fruit             |       |       |       |     1 |       |       |       |       |     1 ||     2
       Pizza             |       |       |       |       |     1 |     1 |       |     1 |     1 ||     4
       Royal jelly       |       |       |       |       |       |     2 |       |       |     1 ||     3
       Meat ration       |       |       |       |       |       |     2 |     2 |     1 |     4 ||     9
       Bread ration      |       |       |       |       |       |       |     1 |     2 |     2 ||     5

Table legend:
 A = Turns spent in this place as a percentage of turns spent in the entire game.
 B = Non-inter-level travel turns spent in this place as a percentage of non-inter-level travel turns spent in the entire game.
 C = Inter-level travel turns spent in this place as a percentage of turns spent in this place.
 D = Turns resting spent in this place as a percentage of non-inter-level travel turns spent in this place.
 E = Turns spent auto-exploring this place as a percentage of non-inter-level travel turns spent in this place.
 F = Non-inter-level travel turns spent in this place divided by the number of levels of this place that you've seen.
                   A       B       C       D       E      F
               +-------+-------+-------+-------+-------+----------------------
         Total | 100.0 | 100.0 |   0.7 |   1.9 |   3.0 | 517.5
       Dungeon |  18.2 |  18.1 |   1.2 |   1.9 |   4.2 | 500.5
        Temple |   0.1 |   0.1 |   2.5 |   0.0 |   0.0 |  39.0
          Lair |  10.2 |  10.1 |   1.4 |   0.6 |   4.4 | 523.1
         Swamp |   3.0 |   3.0 |   0.5 |   0.8 |   6.3 | 311.2
     Snake Pit |   6.2 |   6.3 |   0.5 |   3.2 |   3.9 | 647.2
    Slime Pits |   2.8 |   2.8 |   0.2 |   1.6 |   0.1 | 192.0
  Orcish Mines |   1.9 |   1.8 |   1.7 |   1.2 |   2.6 | 382.0
   Elven Halls |   5.7 |   5.7 |   0.5 |   1.7 |   3.8 | 786.0
        Vaults |  16.5 |  16.5 |   0.5 |   2.5 |   1.4 | 1369.0
         Crypt |   5.6 |   5.6 |   0.5 |   3.0 |   3.3 | 772.7
        Depths |  11.7 |  11.7 |   0.7 |   1.6 |   2.8 | 964.8
           Zot |   4.6 |   4.6 |   0.2 |   0.9 |   5.7 | 480.0
         Abyss |   2.0 |   2.0 |   0.0 |   0.2 |   0.0 | 167.4
   Pandemonium |   9.2 |   9.3 |   0.0 |   3.0 |   0.5 | 384.4
        Bazaar |   0.3 |   0.3 |   0.0 |   0.0 |   0.0 | 105.0
         Trove |   0.2 |   0.2 |   0.0 |   0.0 |   1.3 |  77.0
        Bailey |   0.6 |   0.6 |   0.0 |   0.0 |   0.4 | 234.0
      Ice Cave |   0.8 |   0.8 |   0.0 |   0.6 |   0.6 | 348.0
       Volcano |   0.5 |   0.5 |   0.0 |   0.0 |   0.5 | 206.0
               +-------+-------+-------+-------+-------+----------------------

Vault maps used:
D:1:      erik_arrival_orb_chamber, hex_tiny
D:2:      roderic_roman_lattice
D:3:      cheibriados_altar_wand_db, grunt_dithmenos_smoke,
          hangedman_decor_riveting, kennysheep_generic_room_7
D:5:      temple_hall, first_bread
D:6:      grunt_ministairs_2
D:7:      grunt_pakellas_sulfur, grunt_temple_overflow_open, serial_shops,
          nicolae_shop_trees, kennysheep_mini, nicolae_shop_crystal,
          nicolae_shop_behind_doors
D:8:      overflow_temple_1_default, uniq_joseph
D:9:      lemuel_doored_altar, minmay_lair_entry_grove, erik_orc_2,
          hangedman_tree_tricks, uniq_erolcha
D:10:     serial_shops, kennysheep_little_box, uniq_maurice
D:13:     grunt_vaults_entry_fortified, serial_shops, nicolae_shop_behind_doors,
          uniq_maud, uniq_rupert
D:14:     hangedman_opposites_gauntlet, enter_bailey_3, uniq_nessos,
          uniq_josephine
D:15:     grunt_enter_depths_snipers, serial_shops, statue_bzr,
          okawaru_ov_weapons_minmay, minivault_28
Temple:   minmay_temple_bridge_b_8
Lair:1:   nicolae_quartered_pool_super
Lair:3:   swamp_mist, hangedman_lair_unloving_vines, small_statue_intersection,
          roderic_lost_polar_bear, lemuel_fruit_tree
Lair:4:   minmay_snake_entry_six_corridors, enter_volcano_4
Lair:5:   minmay_another_anthill
Lair:6:   beast_lair_carwin_4
Lair:7:   dpeg_slime_entry_enclosed_altar, beast_lair_carwin_11
Lair:8:   grunt_lair_end_beastmaster, lemuel_fruit_fields, serial_bayou_shore_b,
          uniq_snorg
Swamp:1:  nicolae_swamp_feature_on_the_river_bank, swamp_pool1
Swamp:2:  evilmike_swamp_ruin_house_3, uniq_nikola
Swamp:3:  hangedman_swamp_blocks
Swamp:4:  swamp_fiery, uniq_kirke
Snake:1:  st_stairs_10, uniq_azrael
Snake:2:  portal_ice_cave_entry_ice_statue_02, uniq_wiglaf
Snake:3:  serial_shops, nicolae_shop_stone, grunt_megastairs_3, uniq_jorgrun,
          uniq_aizul
Snake:4:  snake_pit, serial_shops, shop, spider_trap, uniq_vashnia, uniq_mara
Orc:1:    uniq_harold, uniq_fannar
Orc:2:    st_orc_ogre_mass
Elf:1:    eino_elf_arrival_altar, serial_shops, shop, hangedman_elf_represent
Elf:2:    serial_shops, shop, shop, nicolae_shop_statue_plus, shop, shop,
          hangedman_elf_targetted_burst, corexii_checkpoint_b
Elf:3:    elf_hall_gauntlet_narrow, uniq_louise
Vaults:1: ontoclasm_vaults_spin, nicolae_vaults_little_squares_3,
          nicolae_vaults_diagonal_hallway_6, st_spiral_rooms,
          hangedman_vaults_unwind, nicolae_vaults_windows_and_doors_thing,
          ontoclasm_vaults_twist, hangedman_vaults_pinch,
          vaults_room_stairs_pillars, hangedman_vaults_corner,
          dpeg_vaults_monster_row, vaults_room_pools
Vaults:2: hangedman_vaults_nails, vaults_dpeg_diagonal,
          nicolae_vaults_little_squares_3, v_alt_pattern_2,
          nicolae_vaults_sealed_display, vaults_dpeg_hooks,
          nicolae_vaults_little_squares_3, vaults_mumra_hexcomb, v_rooms_1,
          vaults_standard_mumra_enter_the_diamond, serial_shops, shop
Vaults:3: vaults_dpeg_ring, nicolae_vaults_statue_guard, grunt_vaults_bifocal,
          grunt_vaults_hallway_long, minmay_crypt_entry_simple_statues,
          v_alt_pattern_4, grunt_vaults_focal, ontoclasm_vaults_shuriken,
          vaults_standard_mumra_enter_the_diamond,
          nicolae_vaults_stairing_the_circle, v_misc_9, v_pattern_1, v_misc_12,
          hangedman_vaults_capsules
Vaults:4: st_greater_box_5, vaults_mumra_minichess_inversion,
          nicolae_vaults_ring_of_whatevers, v_rooms_5, hangedman_vaults_nails,
          v_rooms_3, ontoclasm_vaults_pinch, v_misc_5,
          nicolae_vaults_shelves_hall, nicolae_vaults_angled_halls,
          hangedman_vaults_trim, vaults_room_pools
Crypt:1:  minmay_strange_pillars, grunt_megastairs_4, uniq_sojobo
Crypt:2:  uniq_mennas, uniq_jory
Crypt:3:  lightli_unholy_cathedral, tomb_entry_sphere_bobbens
Depths:1: nrook_guardian_serpent_snake_passage, minmay_crystal_water,
          abyss_entry_small_statue_room, hangedman_geh_valley, laboratory
Depths:2: kennysheep_water_balloons, grunt_hell_entry_dis_old, pan_entry,
          serial_shops, bzr_entry_dummy, shop, nicolae_shop_stone, shop, shop,
          dk_noncrumbling_4, trove_entry_hex_spiral, kennysheep_crisscross
Depths:3: hangedman_grunt_twisty_little_passages, enter_ziggurat_d,
          roderic_lattice_a, hell_entry, grunt_pan_entry_zigzag
Depths:4: minmay_textured_paths, pan_entry, hell_entry, serial_curves,
          eino_curves_03, eino_curves_04, abyss_entry, serial_bayou_pond_e,
          hangedman_decor_lopped, minmay_misc_feat_roman, spider_trap,
          grunt_decor_mini_mirrors, nicolae_for_you_no_charge
Depths:5: grunt_zot_entry_bicorn, serial_shops, nicolae_shop_behind_doors,
          tso_altar, hell_entry, lightli_fourway_metalbox,
          kennysheep_random_hallway
Zot:3:    grunt_ministairs_4
Abyss:2:  evilmike_abyss_exit_9
Abyss:3:  hangedman_abyss_feature_spike, evilmike_abyss_rune_shrine,
          evilmike_abyss_exit_12, guppyfry_abyss_exit_glass_guarded
Abyss:5:  evilmike_abyss_exit_chaos, hangedman_illusive_loot,
          evilmike_abyss_exit_17, minivault_4, minivault_1,
          evilmike_abyss_exit_1, evilmike_abyss_exit_11,
          hangedman_stitches_earthworm
Pan:      rand_demon_6, pan_blood_fountain_small, pan_blood_fountain_2,
          reaverb_pan_chaos_star, grunt_pan_sceptre, rand_demon_7, rand_demon_2,
          rand_demon_8, pan_blood_fountain, rand_demon_6, evilmike_mini_pan_3x3,
          grunt_pan_in_and_out, rand_demon_1, gloorx_vloq_grunt_torture_chamber,
          pan_blood_fountain, nicolae_pan_lom_lobonic_1
Bazaar:   bazaar_kb_twisted_cavern
Trove:    trove_alchemists_storehouse
Bailey:   bailey_axe_1, bailey
IceCv:    ice_cave_small_demon
Volcano:  volcano_pools
